 Dungeon Crawl Stone Soup version 0.29.0-4-gdea44cf6ec (webtiles) character file.

Game seed: 16119506291580675838

64 qw the Ruffian (level 4, -4/35 HPs)
             Began as a Ghoul Fire Elementalist on Aug 29, 2022.
             Slain by a goblin
             ... wielding a +0 quarterstaff
              (8 damage)
             ... on level 2 of the Dungeon.
             The game lasted 00:01:47 (2099 turns).

qw the Ruffian (Ghoul Fire Elementalist)            Turns: 2099, Time: 00:01:48

Health: -4/35      AC:  2    Str: 13    XL:     4   Next: 12%
Magic:  5/5        EV: 12    Int: 10    God:
Gold:   69         SH:  0    Dex:  9    Spells: 5/6 levels left

rFire   . . .      SeeInvis .     - Unarmed
rCold   + . .      Faith    .   (no shield)
rNeg    + + +      Spirit   .   a - +0 robe
rPois   inf        Reflect  .   c - +0 hat {Will+}
rElec   .          Harm     .   (no cloak)
rCorr   .          Rampage  .   (no gloves)
Will    +....                   (no boots)
Stlth   ++........              (no amulet)
HPRegen 0.00/turn               (no ring)
MPRegen 0.09/turn               (no ring)

@: inhibited regen
A: claws 1, cold resistance 1, negative energy resistance 3, inhibited
regeneration, torment resistance 2, devour on kill
a: no special abilities


You were on level 2 of the Dungeon.
You visited 1 branch of the dungeon, and saw 2 of its levels.

You collected 69 gold pieces.


Innate Abilities, Weirdness & Mutations

You are immune to poison.
You have sharp fingernails.
Your flesh is cold resistant. (rC+)
You are immune to negative energy. (rN+++)
You do not regenerate when monsters are visible.
You are immune to unholy pain and torment.
You thrive by killing the living.


   Skills:
 - Level 1.0 Fighting
 - Level 1.7 Dodging
 - Level 2.1 Stealth
 + Level 3.7 Unarmed Combat
 - Level 1.7 Spellcasting
 - Level 0.7 Conjurations
 - Level 2.4 Fire Magic


You had 5 spell levels left.
You knew the following spells:

 Your Spells              Type           Power      Damage    Failure   Level
a - Foxfire               Conj/Fire      16%        2x1d4     17%         1

Your spell library contained the following spells:

 Spells                   Type           Power      Damage    Failure   Level
 Scorch                   Fire           10%        2d5       19%         2
 Conjure Flame            Conj/Fire      4%         6-21      45%         3
 Inner Flame              Hex/Fire       3%         N/A       52%         3
 Flame Wave               Conj/Fire      4%         2d5       86%         4

Inventory:

Armour
 a - a +0 robe (worn)
 c - a +0 hat of willpower (worn)
 f - an orb of light
Scrolls
 e - a scroll of identify
Potions
 b - 2 potions of curing
 d - a potion of attraction {unknown}
 g - a potion of degeneration {unknown}

Dungeon Overview and Level Annotations

Branches:
Dungeon (2/15)

Altars:


Message History

The adder is severely wounded.
The adder closely misses you. The goblin barely misses you.
You miss the adder. Your claw misses the adder.
The adder is severely wounded.
The adder bites you but does no damage. The goblin barely misses you.
You miss the adder.
The adder is heavily wounded.
The adder bites you. The goblin closely misses you.
The adder bites you but does no damage.
You barely miss the adder.
The adder is heavily wounded.
The adder misses you. The goblin closely misses you.
You scratch the adder. Your claw misses the adder.
The adder is severely wounded.
The adder barely misses you.
The goblin hits you with a +0 quarterstaff.
You scratch the adder.
The adder is severely wounded.
The adder completely misses you.
You closely miss the adder.
The adder is severely wounded.
The goblin misses you. The adder barely misses you.
You closely miss the adder. Your claw misses the adder.
The adder is severely wounded.
The adder barely misses you.
The goblin hits you with a +0 quarterstaff.
You scratch the adder.
The adder is almost dead.
The adder closely misses you.
The goblin hits you with a +0 quarterstaff.
The adder bites you.
You miss the adder.
The adder is severely wounded.
The goblin hits you with a +0 quarterstaff!
The adder misses you.
You scratch the adder.
You kill the adder!
You feel better.
The goblin hits you with a +0 quarterstaff!
You die...

.......# #.##...8...#
..<....###.###.....##
.............#.._.8#
[......#######.....##
........... #...8...#
.......#### #..###..##
#.#.#.... .'### ###'#
#.#.#.#####.##..####.#
#.#.#.# # #..@..%.#
#.#.#.# #.g######
#.#.#.# #.. ....#.#
#.. ###.#.# #..
###.#.# ... #.#.#.#
#... .#.##.#######...
###.#........


You could see a goblin.

Vanquished Creatures
  2 adders (D:2)
  2 gnolls (D:2)
  A worm (D:2)
  3 endoplasms
  4 giant cockroaches
  A hobgoblin (D:2)
  4 kobolds (D:1)
  2 quokkas
  7 ball pythons
  3 bats
  3 frilled lizards
  4 rats
36 creatures vanquished.

Notes
Turn   | Place    | Note
-------+----------+-------------------------------------------
     0 | D:1      | qw the Ghoul Fire Elementalist began the quest for the Orb.
     0 | D:1      | Reached XP level 1. HP: 14/14 MP: 2/2
     0 | D:1      | 0 ||| qw: Version: 0.1-a-90-g952f4b7
     0 | D:1      | 0 ||| qw: Game counter: 4054
     0 | D:1      | 0 ||| qw: Always use a shield: true
     0 | D:1      | 0 ||| qw: God list: Okawaru
     0 | D:1      | 0 ||| qw: Allow faded altars: false
     0 | D:1      | 0 ||| qw: Do Orc after D:15 true
     0 | D:1      | 0 ||| qw: Do second Lair branch before Depths: true
     0 | D:1      | 0 ||| qw: Lair rune preference: random
     0 | D:1      | 0 ||| qw: Plans: Normal
     0 | D:1      | 0 ||| PLANNING D:1-11
    35 | D:1      | 35 ||| Stepping ~*~*~tactically~*~*~ (stealth).
    36 | D:1      | 36 ||| Stepping ~*~*~tactically~*~*~ (stealth).
    37 | D:1      | 37 ||| Stepping ~*~*~tactically~*~*~ (stealth).
    39 | D:1      | 39 ||| Stepping ~*~*~tactically~*~*~ (stealth).
    48 | D:1      | Reached skill level 1 in Unarmed Combat
   131 | D:1      | Reached XP level 2. HP: 20/22 MP: 3/3
   260 | D:1      | Reached skill level 1 in Fighting
   861 | D:1      | Reached skill level 2 in Unarmed Combat
   903 | D:1      | 903 ||| READING scroll labelled OJEWYM KETE.
   904 | D:1      | 904 ||| READING scroll labelled DIHUJOBACO.
   905 | D:1      | 905 ||| READING scroll labelled BITZEAPLOIWN.
   906 | D:1      | 906 ||| READING scroll labelled HAMEONUUCLETOG.
   907 | D:1      | 907 ||| DROPPING potion of magic.
   927 | D:2      | 927 ||| STAIRDANCE
  1070 | D:2      | Reached XP level 3. HP: 26/28 MP: 4/4
  1268 | D:2      | 1268 ||| Stepping ~*~*~tactically~*~*~ (stealth).
  1274 | D:2      | 1274 ||| Stepping ~*~*~tactically~*~*~ (stealth).
  1478 | D:2      | 1478 ||| Stepping ~*~*~tactically~*~*~ (stealth).
  1480 | D:2      | 1480 ||| Stepping ~*~*~tactically~*~*~ (stealth).
  1482 | D:2      | 1482 ||| Stepping ~*~*~tactically~*~*~ (stealth).
  1484 | D:2      | 1484 ||| Stepping ~*~*~tactically~*~*~ (stealth).
  1487 | D:2      | 1487 ||| Stepping ~*~*~tactically~*~*~ (outnumbered).
  1492 | D:2      | Reached skill level 3 in Unarmed Combat
  1527 | D:2      | 1527 ||| FLEEEEING.
  1532 | D:2      | 1532 ||| FLEEEEING.
  1533 | D:2      | 1533 ||| FLEEEEING.
  1536 | D:2      | 1536 ||| FLEEEEING.
  1644 | D:2      | 1644 ||| FLEEEEING.
  1649 | D:2      | 1649 ||| FLEEEEING.
  1650 | D:2      | 1650 ||| STAIRDANCE
  1721 | D:1      | 1721 ||| READING scroll labelled KUYGAI WICU.
  1721 | D:1      | Identified a scroll of acquirement
  1721 | D:1      | 1721 ||| ACQUIRING +0 hat of willpower
  1721 | D:1      | Acquired a +0 hat of willpower
  1723 | D:1      | 1723 ||| UPGRADING to +0 hat of willpower.
  1728 | D:1      | 1728 ||| READING scroll labelled WAEKKABEIXA.
  1729 | D:1      | 1729 ||| DRINKING 3 black potions.
  1730 | D:1      | 1730 ||| DRINKING 2 bubbling coppery potions.
  1731 | D:1      | 1731 ||| DROPPING potion of brilliance.
  1735 | D:2      | 1735 ||| Stepping ~*~*~tactically~*~*~ (stealth).
  1836 | D:2      | Reached XP level 4. HP: 22/35 MP: 5/5
  2035 | D:2      | Found a faded altar of an unknown god.
  2083 | D:2      | 2083 ||| Stepping ~*~*~tactically~*~*~ (stealth).
  2085 | D:2      | 2085 ||| Stepping ~*~*~tactically~*~*~ (stealth).
  2098 | D:2      | HP: 2/35 [goblin/+0 quarterstaff (9)]
  2099 | D:2      | Slain by a goblin

Levels and vault maps discovered:
D:1:      amcnicky_arrival_underground_garden, layout_loops_cross
D:2:      layout_loops_ring, hellmonk_ecumenical_altar_slurped_away

Skill      XL: |  1  2  3 |
---------------+----------+-----
Unarmed Combat | 1 2 3 |  3.7
Fighting       | 1 |  1.0
Dodging        | |  1.7
Stealth        | |  2.1
Spellcasting   | |  1.7
Conjurations   | |  0.7
Fire Magic     | |  2.4

Action                   |  1- 3 |  4- 6 || total
-------------------------+-------+-------++-------
Melee: Unarmed           |   131 |    17 ||   148
       Punch             |     2 |       ||     2
  Use: Scroll            |     6 |       ||     6
       Potion            |     2 |       ||     2
Armor: Robe              |    18 |     3 ||    21
Dodge: Dodged            |    63 |    17 ||    80

Table legend:
 A = Non-vault XP
 B = Vault XP
 C = Vault XP percentage of total XP
 D = Non-vault monster count
 E = Vault monster count
 F = Vault count percentage of total count
                 A         B        C        D         E       F
            +---------+---------+-------+---------+---------+-------
      Total |     103 |       2 |   1.9 |      35 |       1 |   2.8
            +---------+---------+-------+---------+---------+-------
        D:1 |      25 |       0 |   0.0 |      17 |       0 |   0.0
        D:2 |      78 |       2 |   2.5 |      18 |       1 |   5.3
            +---------+---------+-------+---------+---------+-------
